 Dungeon Crawl Stone Soup version 0.20.1-1-g8b1a95d (webtiles) character file.

1696 HammerPanzer the Basher (level 8, -3/63 HPs)
             Began as a Yellow Draconian Berserker on Oct 25, 2017.
             Was an Elder of Trog.
             Slain by an orc warrior
             ... wielding a +0 flail
              (10 damage)
             ... on level 7 of the Dungeon.
             The game lasted 00:30:28 (6864 turns).

HammerPanzer the Basher (DrBe)                      Turns: 6864, Time: 00:30:29

Health: -3/63      AC:  6    Str: 20    XL:     8   Next: 72%
Magic:  8/8        EV: 13    Int: 10    God:    Trog [****..]
Gold:   272        SH:  6    Dex: 13    Spells: 7/7 levels left

rFire    . . .     SeeInvis .   v - +2 flail
rCold    . . .     Gourm    .   r - +1 buckler
rNeg     . . .     Faith    .   (armour unavailable)
rPois    +         Spirit   .   (helmet restricted)
rElec    .         Reflect  .   (no cloak)
rCorr    +         Harm     .   (no gloves)
MR       .....                  (no boots)
Stlth    +.........             (no amulet)
Regen    0.2/turn               c - +3 ring of dexterity
MPRegen  0.2/turn               w - ring of poison resistance

@: no status effects
A: spit acid, acid resistance, unfitting armour, cold-blooded, AC +6
a: Breathe Acid, Berserk, Trog's Hand, Brothers in Arms, Burn Spellbooks,
Renounce Religion


You were on level 7 of the Dungeon.
You worshipped Trog.
Trog was greatly pleased with you.
You were not hungry.

You visited 1 branch of the dungeon, and saw 7 of its levels.

You collected 272 gold pieces.

Inventory:

Hand Weapons
 v - a +2 flail (weapon)
Armour
 r - a +1 buckler (worn)
Jewellery
 c - a +3 ring of dexterity (left hand)
 w - a ring of poison resistance (right hand)
Wands
 i - a wand of random effects (30/48)
 j - a wand of confusion (17/48)
Scrolls
 x - 3 scrolls of remove curse
Potions
 a - a potion of might
 d - a potion of haste
 e - a potion of brilliance {unknown}
 f - 2 potions of cancellation {unknown}
 g - a potion of agility {unknown}
 h - a potion of berserk rage {unknown}
 k - 3 potions of ambrosia
 m - 6 potions of lignification
 n - 4 potions of curing {unknown}
 p - a potion of invisibility {unknown}
 s - 3 potions of heal wounds {unknown}
Comestibles
 b - 5 bread rations
 l - 3 royal jellies
 o - 13 chunks of flesh
 q - 5 fruits


   Skills:
 - Level 3.5 Fighting
 * Level 10.4 Maces & Flails
 - Level 3.2 Dodging
 - Level 0.2 Stealth
 * Level 4.1 Shields


You had 7 spell levels left.
You didn't know any spells.

Dungeon Overview and Level Annotations

Branches:
Dungeon (7/15)
 Temple: D:4-7

Altars:
Ashenzari
Nemelex Xobeh
Ru
Xom
Zin


Innate Abilities, Weirdness & Mutations

You can spit globs of acid.
You are resistant to acid.
Your golden yellow scales are hard. (AC +6)
You cannot fit into any form of body armour.
You are cold-blooded and may be slowed by cold attacks.


Message History

a mace; an orc corpse You butcher the orc corpse.
o - 13 chunks of flesh (gained 2)
You see here a mace.
An orc priest comes into view. It is wielding a club.
You see here a whip.
The orc priest moves out of view.
The orc warrior zaps a wand.
The bolt of lightning hits you!
It is a wand of lightning (?/15).
You start resting.
The orc warrior zaps a wand.
The bolt of lightning hits you!
* * * LOW HITPOINT WARNING * * *
You see here a whip.
The orc priest shouts!
The orc shouts!
You hit the orc warrior but do no damage.
The orc warrior hits you with a flail.
* * * LOW HITPOINT WARNING * * *
The orc priest casts a cantrip, but nothing happens.
You closely miss the orc warrior. The orc warrior hits you with a flail!
You die...

#.<.... .. ##.....
... ##### #....#
.... .. #...# #....#
###oo.. .. #...#
#....# ....... ###.
##.).###....##.....#
...
#....'))...#.o..#
..##
#....######.)o#.
######.F#
#(...#.......@#
........#
#.####......).# #.<#
#.# #........# #...#
###.# #........#
...... ##...#
#........# .....#.#
.#.### #..<.....#
.⌠..... .o .#.#
######...# _......
.. ...# #####
.⌠..... #. ####
.###### .


You could see an orc warrior, an orc priest and an orc.

Vanquished Creatures
  Menkaure (D:4)
  A phantom (D:6)
  4 ogres
  2 centaurs
  A bullfrog (D:7)
  4 scorpions
  3 hounds
  A bullfrog skeleton (D:4)
  2 orc priests
  An iguana (D:4)
  5 worker ants
  4 orc wizards
  A gnoll (D:1)
  15 adders
  2 oozes
  3 worms
  4 dart slugs
  3 leopard geckos
  18 orcs
  6 bats
  6 giant cockroaches
  11 goblins
  9 hobgoblins
  14 jackals
  6 quokkas
  2 ball pythons
  6 frilled lizards
  A jackal skeleton (D:4)
  5 kobolds
  A leopard gecko skeleton (D:4)
  8 rats
150 creatures vanquished.

Notes
Turn   | Place    | Note
-------+----------+-------------------------------------------
     0 | D:1      | HammerPanzer the Draconian Berserker began the quest for the Orb.
     0 | D:1      | Reached XP level 1. HP: 19/19 MP: 1/1
   274 | D:1      | Reached XP level 2. HP: 26/26 MP: 2/2
   809 | D:1      | Reached XP level 3. HP: 23/31 MP: 3/3
  1115 | D:2      | Reached skill level 4 in Maces & Flails
  1371 | D:2      | Reached XP level 4. HP: 33/38 MP: 4/4
  1852 | D:3      | Reached ** piety under Trog
  2181 | D:3      | Reached skill level 5 in Maces & Flails
  2214 | D:3      | Reached XP level 5. HP: 37/45 MP: 5/5
  2394 | D:3      | Reached skill level 1 in Shields
  2869 | D:3      | Reached *** piety under Trog
  3213 | D:4      | Noticed an angel
  3223 | D:4      | Noticed Menkaure
  3288 | D:4      | Reached skill level 6 in Maces & Flails
  3313 | D:4      | Reached XP level 6. HP: 38/51 MP: 6/6
  3577 | D:5      | Entered Level 5 of the Dungeon
  3596 | D:4      | Killed Menkaure
  3674 | D:5      | Reached skill level 7 in Maces & Flails
  3762 | D:4      | Your scales start taking on a golden yellow colour.
  3762 | D:4      | Reached XP level 7. HP: 42/57 MP: 7/7
  4269 | D:4      | Found a shimmering altar of Xom.
  4269 | D:4      | Found a glowing silver altar of Zin.
  4731 | D:5      | Reached skill level 8 in Maces & Flails
  4889 | D:5      | Found a sacrificial altar of Ru.
  5284 | D:5      | Found a shattered altar of Ashenzari.
  5413 | D:6      | Reached XP level 8. HP: 55/63 MP: 8/8
  5451 | D:6      | Reached skill level 9 in Maces & Flails
  5974 | D:7      | Found a sparkling altar of Nemelex Xobeh.
  6367 | D:6      | Reached skill level 10 in Maces & Flails
  6590 | D:7      | Reached **** piety under Trog
  6864 | D:7      | Slain by an orc warrior

Skill      XL: |  1  2  3  4  5  6  7  8 |
---------------+-------------------------+-----
Dodging        | 3 |  3.2
Maces & Flails | 4 5 6 7 8 10 | 10.4
Shields        | 1 2 3 4 |  4.1
Fighting       | |  3.5
Stealth        | |  0.2

Action                   |  1- 3 |  4- 6 |  7- 9 || total
-------------------------+-------+-------+-------++-------
Melee: Mace              |   125 |   131 |       ||   256
       Tailslap          |    17 |    31 |    27 ||    75
       Flail             |       |   103 |   175 ||   278
       Whip              |       |       |    37 ||    37
Invok: Berserk           |       |     1 |     1 ||     2
 Abil: Breathe Acid      |       |       |     6 ||     6
  Use: Scroll            |       |    12 |     3 ||    15
       Potion            |       |     2 |       ||     2
 Stab: Sleeping          |     3 |       |       ||     3
       Paralysed         |       |       |     1 ||     1
  Eat: Chunk             |     2 |     8 |     7 ||    17
       Meat ration       |       |       |     1 ||     1
Armor: Skin              |    54 |    57 |    30 ||   141
Dodge: Dodged            |    80 |   134 |    91 ||   305
Block: Buckler           |     7 |    45 |    42 ||    94
